 Dungeon Crawl Stone Soup version 0.31.0-11-ge490571c62 (webtiles) character file.

Game seed: 16107740115029783365

703 qw the Skirmisher (level 7, -3/40 HPs)
             Began as a Deep Elf Hunter on Feb 4, 2024.
             Was an Initiate of Okawaru.
             Hit by a large rock thrown by a cyclops (12 damage)
             ... on level 6 of the Dungeon.
             The game lasted 00:00:17 (3886 turns).

qw the Skirmisher (Deep Elf Hunter)                 Turns: 3886, Time: 00:00:17

Health: -3/40      AC: 10    Str: 16    XL:     7   Next: 39%
Magic:  9/9        EV: 12    Int: 14    God:    Okawaru [......]
Gold:   234        SH:  0    Dex: 18    Spells: 6/6 levels left

rFire   + . .        a - +1 shortbow
rCold   . . .        (shield currently unavailable)
rNeg    . . .        j - +0 ring mail "Nour" {Slay+4}
rPois   .            (no helmet)
rElec   .            g - +2 cloak of Crawling {Will+ Stlth+}
rCorr   .            k - +1 pair of gloves
SInv    .            (no boots)
Will    +....        (no amulet)
Stlth   ++           b - ring of protection from fire
HPRegen 0.26/turn    d - +6 ring of strength
MPRegen 0.11/turn

%: no passive effects
@: about to teleport
A: no striking features
a: Renounce Religion


You were on level 6 of the Dungeon.
You worshipped Okawaru.
Okawaru was noncommittal.
You visited 2 branches of the dungeon, and saw 7 of its levels.

You collected 234 gold pieces.


   Skills:
 - Level 2.6 Fighting
 + Level 10.6 Ranged Weapons
 - Level 1.7 Armour
 - Level 3.2 Dodging
 - Level 1.2 Stealth


You had 6 spell levels left.
You didn't know any spells.
Your spell library was empty.

Inventory:

Hand Weapons
 a - a +1 shortbow (weapon)
Armour
 g - the +2 cloak of Crawling (worn) {Will+ Stlth+}
   (You acquired it on level 5 of the Dungeon)

   Will+:     It increases your willpower.
   Stlth+:    It makes you more stealthy.
 j - the +0 ring mail "Nour" (worn) {Slay+4}
   (You found it on level 5 of the Dungeon)

   Slay+4:    It affects your accuracy & damage with ranged weapons and melee
   (+4).
 k - a +1 pair of gloves (worn)
Jewellery
 b - a ring of protection from fire (left hand)
 d - a +6 ring of strength (right hand)
Wands
 i - a wand of polymorph (7)
 m - a wand of iceblast (7) (quivered)
Scrolls
 n - a scroll of teleportation
Potions
 c - 2 potions of heal wounds
 e - 2 potions of mutation
 f - 2 potions of curing
 h - a potion of enlightenment
 p - a potion of magic {unknown}
 q - a potion of might
 r - a potion of berserk rage {unknown}

Dungeon Overview and Level Annotations

Branches:
Dungeon (6/15)             Temple (1/1) D:5

Altars:
Ashenzari
Cheibriados
Dithmenos
Fedhas
Hepliaklqana
Kikubaaqudgha
Okawaru
Qazlal
Sif Muna
Vehumet
Yredelemnul

Annotations:
D:5 3 runed translucent doors, qw's ghost, amateur SpHu


Message History

Okawaru accepts your kill.
A cyclops comes into view.
You shoot an arrow. The arrow hits the cyclops!
The cyclops shouts!
The cyclops is lightly wounded.
You shoot an arrow. The arrow hits the cyclops.
The cyclops is moderately wounded.
You shoot an arrow.
The arrow hits the cyclops but does no damage.
The cyclops is moderately wounded.
3882 ||| ZAPPING wand of iceblast (11) at 4,0 (floor).
Aiming: Iceblast
Press: ? - help, Q - select action, (/) - cycle Shift-Dir - straight line, p - cyclops The mass of ice explodes!
The iceblast engulfs the cyclops.
The cyclops is moderately wounded.
3883 ||| ZAPPING wand of iceblast (10) at 3,0 (floor).
Aiming: Iceblast
Press: ? - help, Q - select action, (/) - cycle Shift-Dir - straight line The mass of ice explodes!
The iceblast engulfs the cyclops.
The cyclops is heavily wounded.
You hear a shout! x4
3884 ||| ZAPPING wand of iceblast (9) at 3,0 (floor).
Aiming: Iceblast
Press: ? - help, Q - select action, (/) - cycle Shift-Dir - straight line The mass of ice explodes!
The iceblast engulfs the cyclops!
The cyclops is severely wounded.
You hear an angry hiss.
The cyclops throws a large rock.
The large rock barely misses you.
3885 ||| ZAPPING wand of iceblast (8) at 3,0 (floor).
Aiming: Iceblast
Press: ? - help, Q - select action, (/) - cycle Shift-Dir - straight line The mass of ice explodes!
The iceblast engulfs the cyclops!
The cyclops is almost dead.
The cyclops throws a large rock.
The large rock hits you!!
Ouch! That really hurt!
3886 ||| READING 2 scrolls of teleportation.
As you read the scroll of teleportation, it crumbles to dust.
You feel strangely unstable.
The cyclops throws a large rock.
The large rock hits you!
You die...

... ... . ..##
... #. #..## ...
#[# .... ...
###..##..##.###
.........#>...##
...............#
........@..$C...
.......<........
................
####............
##...........
########....
.... ...


You could see a cyclops.

Vanquished Creatures
  A water moccasin (D:5)
  An ice beast (D:5)
  3 ogres
  A bombardier beetle (D:5)
  An iguana (D:5)
  An orc wizard (D:5)
  7 adders
  2 white imps (D:5)
  2 ufetubi
  2 dart slugs
  A ribbon worm (D:2)
  5 orcs
  7 ball pythons
  6 endoplasms
  3 giant cockroaches
  6 goblins
  9 hobgoblins
  10 kobolds
  2 quokkas
  9 bats
  3 rats
82 creatures vanquished.

Notes
Turn   | Place    | Note
-------+----------+-------------------------------------------
     0 | D:1      | qw the Deep Elf Hunter began the quest for the Orb.
     0 | D:1      | Reached XP level 1. HP: 12/12 MP: 3/3
     0 | D:1      | 0 ||| qw: Version: 0.3-a-160-g6735b56
     0 | D:1      | 0 ||| qw: Game counter: 5527
     0 | D:1      | 0 ||| qw: Melee chars always use a shield: true
     0 | D:1      | 0 ||| qw: God list: Okawaru
     0 | D:1      | 0 ||| qw: Allow faded altars: false
     0 | D:1      | 0 ||| qw: Do Orc after clearing Dungeon:15 true
     0 | D:1      | 0 ||| qw: Do second Lair branch before Depths: true
     0 | D:1      | 0 ||| qw: Lair rune preference: random
     0 | D:1      | 0 ||| qw: Goals: Normal
     0 | D:1      | 0 ||| PLANNING D:1-11
   133 | D:1      | Reached skill level 6 in Ranged Weapons
   133 | D:1      | Reached XP level 2. HP: 16/16 MP: 4/4
   789 | D:1      | 789 ||| UPGRADING to +0 ring mail.
   799 | D:1      | 799 ||| DROPPING +0 leather armour.
   800 | D:1      | 800 ||| READING scroll labelled EGEKKEDEUK.
   801 | D:1      | 801 ||| READING scroll labelled ONETIFR NUIRO.
   801 | D:1      | 801 ||| IDENTIFYING black potion
   802 | D:1      | 802 ||| READING scroll labelled XAOMIU XERA.
   802 | D:1      | 802 ||| ENCHANTING +0 shortbow.
   803 | D:1      | 803 ||| DROPPING scroll of butterflies.
   840 | D:2      | Reached XP level 3. HP: 20/20 MP: 5/5
   956 | D:2      | Reached skill level 7 in Ranged Weapons
   996 | D:2      | Found a faded altar of an unknown god.
  1079 | D:2      | Reached XP level 4. HP: 25/25 MP: 6/6
  1571 | D:2      | 1571 ||| UPGRADING to +0 pair of gloves.
  1576 | D:2      | 1576 ||| READING scroll of identify.
  1576 | D:2      | 1576 ||| IDENTIFYING metallic clear potion
  1577 | D:2      | 1577 ||| READING scroll labelled INIPPEPYNT.
  1678 | D:2      | 1678 ||| DRINKING 2 fizzy cyan potions.
  1679 | D:2      | 1679 ||| DRINKING 2 silvery potions.
  1680 | D:2      | 1680 ||| DRINKING 2 bubbling orange potions.
  1681 | D:2      | 1681 ||| DRINKING 2 white potions.
  1682 | D:2      | 1682 ||| DROPPING potion of brilliance.
  1683 | D:2      | 1683 ||| DROPPING potion of attraction.
  1841 | D:3      | Noticed an ogre
  1842 | D:3      | 1842 ||| DRINKING potion of haste.
  1846 | D:3      | Killed an ogre
  1847 | D:3      | Reached skill level 8 in Ranged Weapons
  1847 | D:3      | Reached XP level 5. HP: 9/29 MP: 7/7
  2224 | D:3      | 2224 ||| UPGRADING to ring of protection from fire.
  2225 | D:3      | 2225 ||| UPGRADING to +6 ring of strength.
  2226 | D:3      | 2226 ||| READING scroll of identify.
  2226 | D:3      | 2226 ||| IDENTIFYING inky potion
  2227 | D:3      | 2227 ||| READING scroll labelled NYIWIOMPUP.
  2228 | D:3      | 2228 ||| READING scroll labelled SAURAL VAACO.
  2306 | D:4      | Reached skill level 9 in Ranged Weapons
  2353 | D:4      | Noticed an ogre
  2362 | D:4      | Killed an ogre
  2363 | D:4      | Reached XP level 6. HP: 21/36 MP: 8/8
  2833 | D:4      | 2833 ||| READING scroll labelled HIHESK SANIETI.
  2834 | D:4      | 2834 ||| READING scroll labelled IQAUXK LARES.
  2863 | D:5      | Entered Level 5 of the Dungeon
  2879 | D:5      | Reached skill level 3 in Dodging
  2880 | D:5      | Identified the +0 ring mail "Nour" {Slay+4}
  2895 | D:5      | Noticed a water moccasin
  2896 | D:5      | 2896 ||| ZAPPING wand of iceblast (14) at 0,5 (water
                  | moccasin; floor).
  2897 | D:5      | 2897 ||| ZAPPING wand of iceblast (13) at 0,3 (floor).
  2898 | D:5      | 2898 ||| ZAPPING wand of iceblast (12) at 0,2 (floor).
  2898 | D:5      | Killed a water moccasin
  3050 | D:5      | Reached skill level 10 in Ranged Weapons
  3140 | D:5      | Reached XP level 7. HP: 40/40 MP: 9/9
  3148 | D:5      | Found a staircase to the Ecumenical Temple.
  3149 | D:5      | 3149 ||| PLANNING TEMPLE
  3149 | D:5      | 3149 ||| UPGRADING to +0 ring mail "Nour" {Slay+4}.
  3159 | D:5      | 3159 ||| DROPPING +0 ring mail.
  3160 | D:5      | 3160 ||| READING scroll of identify.
  3160 | D:5      | 3160 ||| IDENTIFYING metallic golden potion
  3161 | D:5      | 3161 ||| READING scroll labelled JOICUO KOGIRR.
  3161 | D:5      | Identified a scroll of acquirement
  3161 | D:5      | 3161 ||| ACQUIRING +2 cloak of Crawling {Will+ Stlth+}
  3161 | D:5      | Acquired the +2 cloak of Crawling {Will+ Stlth+}
  3162 | D:5      | 3162 ||| READING scroll labelled QEUNWU SISAL.
  3263 | D:5      | 3263 ||| DRINKING 2 metallic yellow potions.
  3264 | D:5      | 3264 ||| DROPPING potion of lignification.
  3266 | D:5      | 3266 ||| FLEEEEING.
  3267 | D:5      | 3267 ||| FLEEEEING.
  3268 | D:5      | 3268 ||| FLEEEEING.
  3269 | D:5      | 3269 ||| FLEEEEING.
  3270 | D:5      | 3270 ||| FLEEEEING.
  3311 | Temple   | Entered the Ecumenical Temple
  3312 | Temple   | 3312 ||| PLANNING OKAWARU WORSHIP
  3335 | Temple   | Became a worshipper of Warmaster Okawaru
  3336 | Temple   | 3336 ||| PLANNING D:1-11
  3429 | D:4      | 3429 ||| UPGRADING to +2 cloak of Crawling {Will+ Stlth+}.
  3505 | D:5      | Reached skill level 1 in Armour
  3820 | D:5      | Found a runed translucent gate.
  3821 | D:5      | Found a runed translucent gate.
  3822 | D:5      | Found a runed translucent gate.
  3822 | D:5      | Noticed qw's ghost (amateur SpHu)
  3830 | D:5      | 3830 ||| READING scroll labelled ROCAUZA PESEI.
  3830 | D:5      | 3830 ||| ENCHANTING +0 pair of gloves.
  3868 | D:6      | 3868 ||| STAIRDANCE
  3878 | D:6      | Noticed a cyclops
  3882 | D:6      | 3882 ||| ZAPPING wand of iceblast (11) at 4,0 (floor).
  3883 | D:6      | 3883 ||| ZAPPING wand of iceblast (10) at 3,0 (floor).
  3884 | D:6      | 3884 ||| ZAPPING wand of iceblast (9) at 3,0 (floor).
  3885 | D:6      | 3885 ||| ZAPPING wand of iceblast (8) at 3,0 (floor).
  3885 | D:6      | HP: 9/40 [cyclops/large rock (31)]
  3886 | D:6      | 3886 ||| READING 2 scrolls of teleportation.
  3886 | D:6      | Hit by a large rock thrown by a cyclops

Levels and vault maps discovered:
D:1:      spicycebolla_arrival_clurvy, layout_basic, minmay_misc_feat_cross
D:2:      layout_basic, basic_ecumenical_altar
D:3:      layout_basic
D:4:      layout_basic, kennysheep_big_empty_room
D:5:      layout_basic, minmay_temple_entry_trees,
          gammafunk_ghost_nasty_kobolds, dreamdust_wishing_well
D:6:      layout_rooms, minmay_misc_feat_secret_circle, grunt_ministairs_1
Temple:   minmay_temple_curvy_loop

Skill      XL: |  1  2  3  4  5  6  7 |
---------------+----------------------+-----
Ranged Weapons | 6 7 8 9 10 | 10.6
Fighting       | 2 |  2.6
Dodging        | 3 |  3.2
Armour         | 1 |  1.7
Stealth        | |  1.2

Action                     |  1- 3 |  4- 6 |  7- 9 || total
---------------------------+-------+-------+-------++-------
   Fire: Shortbow          |    95 |   124 |    24 ||   243
  Evoke: Wand              |       |     3 |     4 ||     7
    Use: Scroll            |     3 |     7 |     5 ||    15
         Potion            |       |     5 |     1 ||     6
 Armour: Leather armour    |    11 |       |       ||    11
         Ring mail         |    10 |    23 |     9 ||    42
  Dodge: Dodged            |    23 |    26 |     9 ||    58

Table legend:
 A = Non-vault XP
 B = Vault XP
 C = Vault XP percentage of total XP
 D = Non-vault monster count
 E = Vault monster count
 F = Vault count percentage of total count
                 A         B        C        D         E       F
            +---------+---------+-------+---------+---------+-------
      Total |    1005 |       0 |   0.0 |      82 |       0 |   0.0
            +---------+---------+-------+---------+---------+-------
        D:1 |      33 |       0 |   0.0 |      19 |       0 |   0.0
        D:2 |      80 |       0 |   0.0 |      26 |       0 |   0.0
        D:3 |     136 |       0 |   0.0 |      13 |       0 |   0.0
        D:4 |     157 |       0 |   0.0 |       7 |       0 |   0.0
        D:5 |     591 |       0 |   0.0 |      16 |       0 |   0.0
        D:6 |       8 |       0 |   0.0 |       1 |       0 |   0.0
            +---------+---------+-------+---------+---------+-------
